 Dungeon Crawl Stone Soup version 0.26.1-11-gd32895ea62 (webtiles) character file.

Game seed: 17675503490583047333

233 jlumianski the Grasshopper (level 6, 0/50 HPs)
             Began as a Gnoll Warper on July 18, 2021.
             Slain by a killer bee (7 damage)
             ... on level 3 of the Dungeon.
             The game lasted 00:18:13 (4285 turns).

jlumianski the Grasshopper (Gnoll Warper)           Turns: 4285, Time: 00:18:14

Health: 0/50       AC:  7    Str: 13    XL:     6   Next: 4%
Magic:  2/13       EV: 13    Int: 17    God:
Gold:   205        SH:  4    Dex: 15    Spells: 10/15 levels left

rFire    + . .     SeeInvis .   a - +0 hand axe
rCold    . . .     Faith    .   q - +0 buckler
rNeg     . . .     Spirit   .   k - +2 ring mail {rF+}
rPois    .         Reflect  .   (no helmet)
rElec    .         Harm     .   (no cloak)
rCorr    .         Rampage  .   (no gloves)
Will     ++...                  (no boots)
Stlth    +.........             (no amulet)
HPRegen  0.16/turn              f - ring of willpower
MPRegen  0.13/turn              v - ring of willpower

@: lethally poisoned (0 -> -4)
A: distributed training, fangs 1, strong nose
a: no special abilities


You were on level 3 of the Dungeon.
You visited 1 branch of the dungeon, and saw 4 of its levels.

You collected 205 gold pieces.

Inventory:

Hand Weapons
 a - a +0 hand axe (weapon)
Missiles
 d - 2 boomerangs (quivered)
 e - 5 boomerangs of dispersal
 i - 156 stones
 n - 44 bolts
 o - 2 javelins
 x - 68 arrows
 A - 15 sling bullets
 B - a silver boomerang
Armour
 b - a +0 leather armour
 k - a +2 ring mail of fire resistance (worn)
 m - a +0 ring mail
 q - a +0 buckler (worn)
Jewellery
 f - a ring of willpower (left hand)
 g - an uncursed ring of ice {unknown}
 v - a ring of willpower (right hand)
Scrolls
 h - a scroll of amnesia {unknown}
 p - a scroll of magic mapping {unknown}
 r - a scroll of enchant armour
 t - a scroll of teleportation
 y - a scroll of remove curse {unknown}
Potions
 c - a potion of resistance {unknown}
 j - a potion of lignification {unknown}
 s - a potion of flight
 u - a potion of attraction {unknown}
 w - a potion of heal wounds
 z - a potion of degeneration {unknown}


   Skills:
 + Level 4.9 Fighting
 + Level 1.7 Short Blades
 + Level 1.7 Long Blades
 + Level 4.9 Axes
 + Level 1.7 Maces & Flails
 + Level 1.7 Polearms
 + Level 1.7 Staves
 + Level 1.7 Slings
 + Level 1.7 Bows
 + Level 1.7 Crossbows
 + Level 3.1 Throwing
 + Level 3.1 Armour
 + Level 4.9 Dodging
 + Level 1.7 Stealth
 + Level 1.7 Shields
 + Level 1.7 Unarmed Combat
 + Level 5.3 Spellcasting
 + Level 1.3 Conjurations
 + Level 1.3 Hexes
 + Level 1.3 Summonings
 + Level 1.3 Necromancy
 + Level 5.6 Translocations
 + Level 1.3 Transmutations
 + Level 1.3 Fire Magic
 + Level 1.3 Ice Magic
 + Level 1.3 Air Magic
 + Level 1.3 Earth Magic
 + Level 1.3 Poison Magic
 + Level 2.0 Invocations
 + Level 1.7 Evocations


You had 10 spell levels left.
You knew the following spells:

 Your Spells              Type           Power        Failure   Level
a - Blink                 Tloc           N/A          6%          2
b - Gell's Gravitas       Tloc           11%          12%         3

Your spell library contained the following spells:

 Spells                   Type           Power        Failure   Level
 Lesser Beckoning         Tloc           11%          12%         3
 Teleport Other           Tloc           23%          12%         3
 Passage of Golubria      Tloc           N/A          36%         4


Dungeon Overview and Level Annotations

Branches:
Dungeon (4/15)
 Temple: D:4-7

Altars:


Innate Abilities, Weirdness & Mutations

Your experience applies equally to all skills.
You have very sharp teeth.
Your uncanny sense of smell can sniff out nearby items.


Message History

* * * LOW HITPOINT WARNING * * *
You are poisoned.
The killer bee poisons you!
Your ring mail prevents you from hitting the killer bee.
The killer bee is almost dead.
You feel sick. You block the killer bee's attack.
The killer bee closely misses you.
You miss the killer bee.
The killer bee is almost dead.
You feel sick. The killer bee misses you. You block the killer bee's attack.
You completely miss the killer bee.
The killer bee is almost dead.
You feel sick.
The killer bee stings you but does no damage.
The killer bee barely misses you.
You hit the killer bee.
The killer bee is almost dead.
The killer bee stings you but does no damage.
The killer bee stings you!
You die...

#......# ##############
#.####.# #..[>ยง.......# #.#
#.###########.##########.#
#.# #...................#
#.#
###.################.#####.#
#.# ......)..# #.# #.# #.#
####.###.###### #.#####.##
#.# #.#
#.##...######........# #.#
#.# #.##.....@y...#####..#
#.# #.# #.##...######.# #..#
#.# #.# #.###.## #.# #..#
#.# ####.# #.# #.# #.# #..#
#.# ..##.# #.# #.#
#.#####..###.# .....# #.#
#.# #............. ..#..#
#.# #.# ##.####...###.
.....# #.###.########.##
##..# #. ###.##
#...............# #..# #.


You could see a killer bee.

Vanquished Creatures
  An orc priest (D:3)
  An orc wizard (D:3)
  2 iguanas
  3 adders
  A white imp (D:3)
  3 oozes
  3 worms
  4 dart slugs
  A leopard gecko (D:3)
  5 orcs
  3 bats
  A giant cockroach (D:2)
  2 hobgoblins
  5 jackals
  12 kobolds
  2 frilled lizards
  6 goblins
  5 rats
60 creatures vanquished.

Vanquished Creatures (others)
  5 plants
5 creatures vanquished.

Grand Total: 65 creatures vanquished

Notes
Turn   | Place    | Note
-------+----------+-------------------------------------------
     0 | D:1      | jlumianski the Gnoll Warper began the quest for the Orb.
     0 | D:1      | Reached XP level 1. HP: 20/20 MP: 6/6
     2 | D:1      | Noticed a human
     6 | D:1      | Noticed a demonspawn
     6 | D:1      | Noticed a vampire
     8 | D:1      | Noticed a merfolk
     8 | D:1      | Noticed a dwarf
    10 | D:1      | Noticed an octopode
    10 | D:1      | Noticed an ogre
    12 | D:1      | Noticed a centaur
    12 | D:1      | Noticed a felid
    14 | D:1      | Noticed a spriggan
    16 | D:1      | Noticed a tengu
    16 | D:1      | Noticed a naga
    18 | D:1      | Noticed a vine stalker
    18 | D:1      | Noticed a minotaur
    20 | D:1      | Noticed a formicid
    20 | D:1      | Noticed a demigod
    22 | D:1      | Noticed an elf
    22 | D:1      | Noticed a halfling
    24 | D:1      | Noticed a ghoul
    24 | D:1      | Noticed a gargoyle
    26 | D:1      | Noticed a draconian
    26 | D:1      | Noticed a troll
   134 | D:1      | Reached XP level 2. HP: 26/26 MP: 7/7
   904 | D:1      | Learned a level 2 spell: Blink
  1021 | D:2      | Reached XP level 3. HP: 30/31 MP: 9/9
  1033 | D:2      | Reached skill level 5 in Spellcasting
  1046 | D:2      | Learned a level 3 spell: Gell's Gravitas
  1388 | D:2      | Reached skill level 1 in Invocations
  1561 | D:2      | Found a faded altar of an unknown god.
  1753 | D:1      | Reached skill level 1 in Short Blades
  1753 | D:1      | Reached skill level 1 in Long Blades
  1753 | D:1      | Reached skill level 1 in Maces & Flails
  1753 | D:1      | Reached skill level 1 in Polearms
  1753 | D:1      | Reached skill level 1 in Staves
  1753 | D:1      | Reached skill level 1 in Slings
  1753 | D:1      | Reached skill level 1 in Bows
  1753 | D:1      | Reached skill level 1 in Crossbows
  1753 | D:1      | Reached skill level 1 in Stealth
  1753 | D:1      | Reached skill level 1 in Shields
  1753 | D:1      | Reached skill level 1 in Unarmed Combat
  1753 | D:1      | Reached skill level 1 in Evocations
  1976 | D:2      | Reached XP level 4. HP: 38/38 MP: 11/11
  2583 | D:3      | You fall into a shaft and drop 1 floor!
  2623 | D:4      | Reached skill level 1 in Conjurations
  2623 | D:4      | Reached skill level 1 in Hexes
  2623 | D:4      | Reached skill level 1 in Summonings
  2623 | D:4      | Reached skill level 1 in Necromancy
  2623 | D:4      | Reached skill level 1 in Transmutations
  2623 | D:4      | Reached skill level 1 in Fire Magic
  2623 | D:4      | Reached skill level 1 in Ice Magic
  2623 | D:4      | Reached skill level 1 in Air Magic
  2623 | D:4      | Reached skill level 1 in Earth Magic
  2623 | D:4      | Reached skill level 1 in Poison Magic
  2642 | D:3      | Reached XP level 5. HP: 16/43 MP: 6/12
  3294 | D:3      | HP: 2/43 [iguana (3)]
  4079 | D:2      | Reached XP level 6. HP: 37/50 MP: 10/13
  4285 | D:3      | Slain by a killer bee

Illustrated notes

Levels and vault maps discovered:
D:1:      kb_arrival_jail, layout_basic, serial_bayou_ford_a,
          serial_bayou_pond_a, minmay_misc_feat_tower,
          chequers_serial_rivers_room_a, minivault_27
D:2:      layout_basic, chequers_ecumenical_altar_lobes, minmay_diced_spiral
D:3:      layout_loops_ring
D:4:      layout_loops_ring, serial_shops, nicolae_shop_overgrown_old_shop,
          uniq_blork_the_orc

Skill      XL: |  1  2  3  4  5 |
---------------+----------------+-----
Spellcasting   | 5 |  5.3
Invocations    | 1 2 |  2.0
Short Blades   | 1 |  1.7
Long Blades    | 1 |  1.7
Maces & Flails | 1 |  1.7
Polearms       | 1 |  1.7
Staves         | 1 |  1.7
Slings         | 1 |  1.7
Bows           | 1 |  1.7
Crossbows      | 1 |  1.7
Stealth        | 1 |  1.7
Shields        | 1 |  1.7
Unarmed Combat | 1 |  1.7
Evocations     | 1 |  1.7
Conjurations   | 1 |  1.3
Hexes          | 1 |  1.3
Summonings     | 1 |  1.3
Necromancy     | 1 |  1.3
Transmutations | 1 |  1.3
Fire Magic     | 1 |  1.3
Ice Magic      | 1 |  1.3
Air Magic      | 1 |  1.3
Earth Magic    | 1 |  1.3
Poison Magic   | 1 |  1.3
Throwing       | 3 |  3.1
Armour         | 3 |  3.1
Fighting       | |  4.9
Axes           | |  4.9
Dodging        | |  4.9
Translocations | |  5.6

Action                   |  1- 3 |  4- 6 || total
-------------------------+-------+-------++-------
Melee: Hand axe          |   119 |   150 ||   269
       Bite              |    14 |    22 ||    36
Throw: Stone             |    34 |     1 ||    35
       Boomerang         |       |    10 ||    10
 Cast: Blink             |     4 |    15 ||    19
       Gell's Gravitas   |     2 |       ||     2
  Use: Scroll            |     1 |     4 ||     5
       Potion            |     1 |     3 ||     4
Armor: Leather armour    |     2 |       ||     2
       Ring mail         |    38 |    43 ||    81
Dodge: Dodged            |    71 |   117 ||   188
Block: Buckler           |     7 |    31 ||    38
